[Event "Titled Tuesday Blitz August 3 2021"]
[White "Salinas Herrera, Pablo"]
[Black "Kim, Sergey"]
[WhiteFideId "3407128"]
[BlackFideId "13700570"]
[WhiteElo "2541"]
[BlackElo "2575"]
[Result "1/2-1/2"]
[Round "02"]
[TimeControl "180+1"]
[Date "2021.08.03"]
[WhiteClock "0:00:05"]
[BlackClock "0:00:07"]

1. d4 Nf6 2. Nf3 g6 3. Nbd2 Bg7 4. e4 d6 5. Bb5+ c6 6. Bd3 O-O 7. O-O Qc7 8. Re1 e5 9. c3 Re8 10. h3 a5 11. Nf1 a4 12. a3 h6 13. Ng3 Be6 14. Bc2 b5 15. Be3 Nbd7 16. Qd2 Kh7 17. Rad1 Rad8 18. Bd3 Bb3 19. Rc1 d5 20. Nxe5 Nxe5 21. dxe5 Nxe4 22. Bxe4 dxe4 23. Qe2 Qxe5 24. Bd4 Qe6 25. Bxg7 Kxg7 26. Qxe4 Qxe4 27. Nxe4 f5 28. Nc5 Rxe1+ 29. Rxe1 Rd2 30. Re7+ Kf6 31. Rc7 Bd5 32. c4 bxc4 33. Nxa4 g5 34. Rh7 Kg6 35. Rd7 g4 36. hxg4 fxg4 37. Nb6 Rxb2 38. Nxd5 cxd5 39. Rxd5 c3 40. Rc5 c2 41. Kh2 Ra2 42. a4 Rxa4 43. Rxc2 Kg5 44. Rc5+ Kg6 45. Kg3 Ra2 46. Rd5 h5 47. Rd8 Ra1 48. Rg8+ Kh6 49. Rf8 Kg6 50. Rb8 Kg5 51. Rb5+ Kg6 52. Rc5 Kh6 53. Re5 Kg6 54. Rb5 Kh6 55. Kf4 Ra4+ 56. Kf5 Ra6 57. Re5 Rc6 58. Kf4 Rc4+ 59. Kg3 Rc1 60. Rd5 Kg6 61. Rd3 Kg5 62. Rd5+ Kg6 63. Ra5 Kh6 64. Kf4 Rc4+ 65. Kf5 Rc6 66. Rd5 Rb6 67. Re5 Rc6 68. g3 Rb6 69. Re7 Rc6 70. Re5 Rb6 71. Kf4 Rb4+ 72. Re4 Rxe4+ 73. Kxe4 Kg5 74. Ke5 h4 75. gxh4+ Kxh4 76. Kf4 Kh3 77. Kg5 Kg2 78. Kxg4 Kxf2 1/2-1/2


[Site "https://www.chess.com"]

[Event "Titled Tuesday Blitz August 3 2021"]
[White "Savitha Shri B"]
[Black "Wagh Suyog"]
[WhiteFideId "35061887"]
[BlackFideId "25071688"]
[WhiteElo "2006"]
[BlackElo "2219"]
[Result "0-1"]
[Round "02"]
[TimeControl "180+1"]
[Date "2021.08.03"]
[WhiteClock "0:00:21"]
[BlackClock "0:00:20"]

1. e4 c6 2. d4 g6 3. Nc3 Bg7 4. Be3 d5 5. Qd2 dxe4 6. Nxe4 Nf6 7. Nxf6+ exf6 8. O-O-O Be6 9. b3 a5 10. a4 O-O 11. h4 b5 12. axb5 a4 13. b4 a3 14. Kb1 cxb5 15. Bxb5 f5 16. Nf3 f4 17. Bxf4 Na6 18. c4 Nc7 19. Bxc7 Qxc7 20. d5 a2+ 21. Kc2 Bf5+ 22. Kb3 Qa7 23. c5 Rfb8 24. Kc4 Rxb5 25. Nd4 Rbb8 26. d6 Qa6+ 27. Kd5 Qb7+ 28. Kc4 Be4 29. b5 Qd5+ 30. Kb4 a1=Q 31. Rxa1 Bxd4 32. Rac1 Rxb5+ 33. Kxb5 Rb8+ 34. Ka4 Qa8+ 35. Qa5 Bc6+ 0-1


[Site "https://www.chess.com"]

[Event "Titled Tuesday Blitz August 3 2021"]
[White "Siddharth, Jagadeesh"]
[Black "Seo, Jung Min"]
[WhiteFideId "5818320"]
[BlackFideId "1734687"]
[WhiteElo "2127"]
[BlackElo "2486"]
[Result "1-0"]
[Round "02"]
[TimeControl "180+1"]
[Date "2021.08.03"]
[WhiteClock "0:00:46"]
[BlackClock "0:01:05"]

1. d4 Nf6 2. c4 g6 3. Nc3 d5 4. cxd5 Nxd5 5. e4 Nxc3 6. bxc3 c5 7. Nf3 Bg7 8. h3 Nc6 9. Be3 Qa5 10. Bd2 O-O 11. Be2 cxd4 12. cxd4 Qa3 13. d5 Nd4 14. Nxd4 Bxd4 15. Rb1 Qxa2 16. O-O a5 17. Bh6 Bg7 18. Bxg7 Kxg7 19. Qd4+ Kg8 20. Bc4 Qa3 21. Rb3 Qa4 22. Ra1 Qd7 23. Bb5 Qd8 24. h4 Bd7 25. h5 Bxb5 26. Rxb5 Qd7 27. h6 f6 28. Rbxa5 Rxa5 29. Rxa5 Rc8 30. Rc5 Rxc5 31. Qxc5 b5 32. Qb6 Qg4 33. Qxb5 Kf7 34. Qd3 Qf4 35. Qc4 Qd6 36. g3 g5 37. Qc8 Kg6 38. Qf8 Kh5 39. Qg7 f5 40. Qf7+ Kxh6 41. Qxf5 Qc5 42. Kg2 Qd6 43. Kh3 Qa6 44. Kg4 Qe2+ 45. f3 1-0


[Site "https://www.chess.com"]

[Event "Titled Tuesday Blitz August 3 2021"]
[White "Song, Michael"]
[Black "Makhnev, Denis"]
[WhiteFideId "2613190"]
[BlackFideId "13707647"]
[WhiteElo "2274"]
[BlackElo "2537"]
[Result "1-0"]
[Round "02"]
[TimeControl "180+1"]
[Date "2021.08.03"]
[WhiteClock "0:01:24"]
[BlackClock "0:01:25"]

1. d4 d5 2. Nf3 Nf6 3. Bf4 c5 4. e3 Nc6 5. c3 Qb6 6. Qb3 Nh5 7. Qxb6 axb6 8. Bc7 c4 9. Bxb6 Bf5 10. Bc5 Bxb1 11. Rxb1 Rxa2 12. b3 cxb3 13. Rxb3 Ra1+ 14. Kd2 Nf6 15. Rxb7 Ne4+ 16. Kc2 e6 17. Bb5 Rxh1 18. Bxc6+ Kd8 19. Bb6+ Kc8 20. Rc7+ Kd8 21. Ra7+ 1-0


[Site "https://www.chess.com"]

[Event "Titled Tuesday Blitz August 3 2021"]
[White "Svane, Rasmus"]
[Black "Kubatko, Ivan"]
[WhiteFideId "4657101"]
[BlackFideId "24111473"]
[WhiteElo "2669"]
[BlackElo "2285"]
[Result "1-0"]
[Round "02"]
[TimeControl "180+1"]
[Date "2021.08.03"]
[WhiteClock "0:00:31"]
[BlackClock "0:00:01"]

1. Nf3 d5 2. g3 c5 3. Bg2 Nc6 4. d4 e6 5. O-O Nf6 6. c4 Be7 7. cxd5 exd5 8. dxc5 Bxc5 9. Qc2 Bb6 10. Nc3 O-O 11. Na4 Re8 12. Bg5 h6 13. Nxb6 axb6 14. Bf4 Qe7 15. Rfe1 Nb4 16. Qb3 Bf5 17. Nd4 Be4 18. Bxe4 dxe4 19. Nf5 Qc5 20. Nd6 Re7 21. Rac1 Qa5 22. Bd2 e3 23. Bxb4 exf2+ 24. Kxf2 Ng4+ 25. Kg1 Qh5 26. h4 Re3 27. Rc3 Rxc3 28. Qxc3 Rd8 29. Rf1 Ne5 30. Nf5 Re8 31. Ne7+ Kh8 32. Rf5 Qg4 33. Qxe5 f6 34. Qf4 Qxe2 35. Qf2 Qd1+ 36. Kh2 Kh7 37. h5 Qd7 38. Ng6 1-0


[Site "https://www.chess.com"]

[Event "Titled Tuesday Blitz August 3 2021"]
[White "Terry, Renato"]
[Black "Solon, Nathan"]
[WhiteFideId "3803457"]
[BlackFideId "2017229"]
[WhiteElo "2581"]
[BlackElo "2621"]
[Result "1-0"]
[Round "02"]
[TimeControl "180+1"]
[Date "2021.08.03"]
[WhiteClock "0:01:17"]
[BlackClock "0:01:16"]

1. e4 c5 2. Nf3 d6 3. Bb5+ Nd7 4. d4 cxd4 5. Qxd4 a6 6. Bxd7+ Bxd7 7. Bg5 Nf6 8. O-O e6 9. Nc3 Bc6 10. Rad1 Be7 11. Qe3 Qa5 12. e5 Ng4 13. Qf4 Bxg5 14. Qxg4 Bxf3 15. Qxf3 Qxe5 16. Rfe1 Qa5 17. Rd5 Qb4 18. Rxg5 1-0


[Site "https://www.chess.com"]

[Event "Titled Tuesday Blitz August 3 2021"]
[White "Timmermans, Mark"]
[Black "Omk124"]
[WhiteFideId "1026399"]
[WhiteElo "2460"]
[BlackElo "2521"]
[Result "1-0"]
[Round "02"]
[TimeControl "180+1"]
[Date "2021.08.03"]
[WhiteClock "0:00:52"]
[BlackClock "0:00:20"]

1. b4 e5 2. Bb2 Bxb4 3. Bxe5 Nf6 4. Nc3 Nc6 5. Bxf6 Qxf6 6. Nd5 Qd6 7. c4 O-O 8. Nf3 Ne7 9. Nxe7+ Qxe7 10. e3 c6 11. Be2 d5 12. cxd5 cxd5 13. O-O Bf5 14. Nd4 Bg6 15. Bf3 Be4 16. d3 Bxf3 17. Qxf3 Bc3 18. Nf5 Qf6 19. Rab1 g6 20. Nh6+ Kg7 21. Ng4 Qxf3 22. gxf3 b6 23. Rfc1 Rfc8 24. d4 f6 25. Rc2 Rc4 26. h3 Rac8 27. f4 h5 28. Nh2 Kf7 29. Re2 Bb4 30. Kg2 R8c6 31. Nf3 a5 32. Reb2 Rc2 33. Rxc2 Rxc2 34. a3 Bxa3 35. Rxb6 Bb2 36. Ra6 Bc3 37. Rc6 Rc1 38. f5 gxf5 39. Nh4 a4 40. Nxf5 a3 41. Ra6 Bb2 42. Ng3 Rc2 43. Nxh5 f5 44. Nf4 Bc1 45. Kf3 a2 46. Nxd5 Bd2 47. Kf4 Be1 48. f3 Rf2 49. Kxf5 Rxf3+ 50. Ke4 Rf2 51. Ra7+ Ke6 52. Nf4+ Kd6 53. Nd3 Re2 1-0


[Site "https://www.chess.com"]

[Event "Titled Tuesday Blitz August 3 2021"]
[White "Tomiello, Mateus Costamilan"]
[Black "Rustemov, Alexander"]
[WhiteFideId "22701958"]
[BlackFideId "4119002"]
[WhiteElo "1995"]
[BlackElo "2648"]
[Result "0-1"]
[Round "02"]
[TimeControl "180+1"]
[Date "2021.08.03"]
[WhiteClock "0:00:04"]
[BlackClock "0:01:10"]

1. e4 e6 2. d4 d5 3. Nc3 dxe4 4. Nxe4 Bd7 5. Nf3 Bc6 6. Bd3 Nd7 7. O-O Ngf6 8. Qe2 Nxe4 9. Bxe4 Bxe4 10. Qxe4 c6 11. c3 Be7 12. Be3 O-O 13. Rfd1 Qa5 14. h4 Rfd8 15. a4 Qh5 16. a5 a6 17. Bg5 Nf6 18. Qe5 Rd5 19. Qc7 Rd7 20. Qe5 Ng4 21. Qf4 Bd6 22. Qe4 h6 23. Be3 Rad8 24. b4 Re8 25. Rd2 f5 26. Qc2 f4 27. Qe4 fxe3 28. fxe3 Qf5 29. Qxf5 exf5 0-1


[Site "https://www.chess.com"]

[Event "Titled Tuesday Blitz August 3 2021"]
[White "Tong, Hai Anh"]
[Black "Liyanage, Ranindu Dilshan"]
[WhiteFideId "12412805"]
[BlackFideId "9915834"]
[WhiteElo "1467"]
[BlackElo "1839"]
[Result "0-1"]
[Round "02"]
[TimeControl "180+1"]
[Date "2021.08.03"]
[WhiteClock "0:00:06"]
[BlackClock "0:00:57"]

1. Nf3 Nf6 2. g3 e6 3. Bg2 d5 4. O-O Be7 5. d3 O-O 6. Nbd2 a5 7. e4 a4 8. a3 c5 9. Re1 Nc6 10. e5 Nd7 11. Nf1 f6 12. Bh3 Ndxe5 13. Nxe5 fxe5 14. Qh5 Bd6 15. Ne3 Nd4 16. Bg2 Qf6 17. Rf1 Qf7 18. Qd1 Bd7 19. c4 Bc6 20. cxd5 exd5 21. Ng4 e4 22. dxe4 dxe4 23. Be3 Rad8 24. Bxd4 cxd4 25. Qxd4 Bxg3 26. Qe3 Bf4 27. Qc5 Rd5 28. Qb6 Rg5 29. Ne3 Qh5 30. Rfd1 Qxh2+ 31. Kf1 Bxe3 32. Qxe3 Qxg2+ 33. Ke1 Bb5 34. Kd2 Rxf2+ 35. Kc3 Rc2+ 36. Kd4 Rc4# 0-1


[Site "https://www.chess.com"]

[Event "Titled Tuesday Blitz August 3 2021"]
[White "Tristan, Leonardo"]
[Black "Tologon tegin, Semetei"]
[WhiteFideId "113816"]
[BlackFideId "13800574"]
[WhiteElo "2404"]
[BlackElo "2224"]
[Result "1-0"]
[Round "02"]
[TimeControl "180+1"]
[Date "2021.08.03"]
[WhiteClock "0:00:13"]
[BlackClock "0:00:07"]

1. d4 d5 2. Nf3 Nf6 3. Bf4 e6 4. e3 c5 5. Nbd2 Nc6 6. c3 Bd6 7. Bg3 O-O 8. Bd3 b6 9. Qe2 Bb7 10. Rd1 Ne7 11. e4 dxe4 12. Nxe4 Nxe4 13. Bxe4 Bxe4 14. Qxe4 Nd5 15. dxc5 bxc5 16. Qc2 Bxg3 17. hxg3 h6 18. g4 f5 19. g5 hxg5 20. c4 Qa5+ 21. Kf1 Nb4 22. Qe2 Rf6 23. Nxg5 Qxa2 24. Qh5 Qxc4+ 25. Kg1 Kf8 26. Qh8+ Ke7 27. Qxg7+ Ke8 28. Rh8+ 1-0


[Site "https://www.chess.com"]

[Event "Titled Tuesday Blitz August 3 2021"]
[White "Ulko, Jaroslav"]
[Black "Oparin, Grigoriy"]
[WhiteFideId "4116658"]
[BlackFideId "24125890"]
[WhiteElo "2304"]
[BlackElo "2628"]
[Result "0-1"]
[Round "02"]
[TimeControl "180+1"]
[Date "2021.08.03"]
[WhiteClock "0:00:06"]
[BlackClock "0:00:22"]

1. d4 Nf6 2. Nf3 b6 3. c4 Bb7 4. Nc3 e6 5. a3 d5 6. cxd5 exd5 7. Bg5 Be7 8. e3 O-O 9. Rc1 Nbd7 10. Bd3 h6 11. Bf4 a6 12. O-O c5 13. Ne5 Re8 14. Bb1 Bf8 15. Nxd7 Qxd7 16. Na4 Qb5 17. Bc7 Re6 18. Bf5 Rc6 19. Be5 Re8 20. Bb1 Ne4 21. Bd3 c4 22. Bxe4 dxe4 23. Qc2 Rg6 24. Qxc4 Rxe5 25. dxe5 Qxe5 26. Qc7 Qg5 27. g3 Bd5 28. Nc3 Be6 29. Nxe4 Qh5 30. f3 Bd5 31. Qd7 Be6 32. Qd8 Qe5 33. Qd4 Qb5 34. b4 h5 35. Nc3 Qg5 36. e4 h4 37. g4 h3 38. Ne2 a5 39. Ng3 axb4 40. axb4 Qb5 41. Rfd1 Rg5 42. Nf5 Bxf5 43. exf5 Qxf5 44. Qd8 Qxf3 45. Rc2 Rxg4+ 0-1


[Site "https://www.chess.com"]

[Event "Titled Tuesday Blitz August 3 2021"]
[White "Urazayev, Arystanbek"]
[Black "Potapova, Margarita"]
[WhiteFideId "13709810"]
[BlackFideId "14126869"]
[WhiteElo "2321"]
[BlackElo "2229"]
[Result "0-1"]
[Round "02"]
[TimeControl "180+1"]
[Date "2021.08.03"]
[WhiteClock "0:00:10"]
[BlackClock "0:00:05"]

1. d4 Nf6 2. c4 e6 3. Nc3 Bb4 4. g3 d5 5. Bg2 O-O 6. Nf3 dxc4 7. O-O Bxc3 8. bxc3 b5 9. Ne5 Nd5 10. Qc2 f6 11. Nf3 Bb7 12. a4 a6 13. e4 Nb6 14. a5 Na4 15. e5 f5 16. Ba3 Re8 17. h4 Nd7 18. Rfd1 Bd5 19. Ng5 Nf8 20. Nh3 Ng6 21. h5 Ne7 22. h6 Bxg2 23. Kxg2 g6 24. Nf4 Nd5 25. Nxd5 Qxd5+ 26. f3 Rad8 27. Rac1 Rd7 28. Qd2 c5 29. Qg5 Rf7 30. dxc5 Qxe5 31. Rd8 Rxd8 32. Qxd8+ Rf8 33. Qd7 Rf7 34. Qc8+ Rf8 35. Qb7 Rf7 36. Qa8+ Rf8 37. Qxa6 Qe2+ 38. Kh3 Qe3 39. Qxb5 Qxh6+ 40. Kg2 Rd8 41. Rf1 Qe3 42. Rf2 Nxc3 43. Qb6 Re8 44. Qc6 Rf8 45. Qd7 Nd5 46. Qd6 Qd4 47. c6 Ne3+ 48. Kh3 Qxd6 49. Bxd6 Rc8 50. c7 Nd5 51. Rb2 c3 52. Rc2 Kf7 53. a6 Ke8 54. a7 Kd7 55. Be5 Ra8 56. f4 Rxa7 57. Bxc3 Rxc7 58. Rd2 Rxc3 59. Kh4 Rc6 60. Kg5 Ke7 61. Kh6 Rc3 62. Rg2 Rf3 63. Kxh7 Kf6 64. Kh6 Rf1 65. Rh2 Rg1 66. g4 Rxg4 67. Kh7 Rxf4 68. Kg8 Re4 69. Rg2 f4 70. Kh7 f3 71. Rxg6+ Kf5 72. Rg8 f2 73. Rf8+ Nf6+ 74. Kg7 Ke5 75. Rxf6 Rf4 76. Rg6 f1=Q 77. Kh8 Rf8+ 78. Kg7 Qf7+ 79. Kh6 Rh8+ 80. Kg5 Qf5# 0-1


[Site "https://www.chess.com"]

[Event "Titled Tuesday Blitz August 3 2021"]
[White "Vasquez Schroeder, Rodrigo"]
[Black "Barria Zuniga, Daniel"]
[WhiteFideId "3400042"]
[BlackFideId "3400816"]
[WhiteElo "2572"]
[BlackElo "2414"]
[Result "1-0"]
[Round "02"]
[TimeControl "180+1"]
[Date "2021.08.03"]
[WhiteClock "0:00:59"]
[BlackClock "0:00:03"]

1. Nf3 g6 2. d4 Bg7 3. c4 c5 4. d5 e6 5. Nc3 exd5 6. Nxd5 d6 7. g3 Nf6 8. Bg5 h6 9. Bxf6 Bxf6 10. Qd2 Bg7 11. Bg2 O-O 12. O-O Nc6 13. Rad1 Be6 14. b3 Bxd5 15. Qxd5 Nb4 16. Qd2 Qa5 17. a4 Rad8 18. Nh4 Rd7 19. Bd5 Kh7 20. Ng2 Re8 21. e3 Qb6 22. Bf3 a6 23. Nf4 Nc6 24. Rb1 Qa5 25. Qd1 Ne5 26. Bd5 b5 27. axb5 axb5 28. Qe2 Rb8 29. Rfd1 Ra7 30. Kg2 Qa2 31. Rb2 Qa6 32. Rc2 bxc4 33. bxc4 Rb3 34. h4 Qb6 35. Be4 Raa3 36. h5 1-0


[Site "https://www.chess.com"]

[Event "Titled Tuesday Blitz August 3 2021"]
[White "Vlassov, Nikolai"]
[Black "Belous, Vladimir"]
[WhiteFideId "4103360"]
[BlackFideId "4174003"]
[WhiteElo "2407"]
[BlackElo "2510"]
[Result "1-0"]
[Round "02"]
[TimeControl "180+1"]
[Date "2021.08.03"]
[WhiteClock "0:01:28"]
[BlackClock "0:00:20"]

1. e4 c5 2. c3 Nf6 3. e5 Nd5 4. d4 cxd4 5. cxd4 Nc6 6. Nc3 Nxc3 7. bxc3 d5 8. Bd3 g6 9. h4 h6 10. h5 g5 11. f4 gxf4 12. Bxf4 Rg8 13. Qd2 Qa5 14. g3 Bg4 15. Rb1 O-O-O 16. Ne2 f6 17. exf6 exf6 18. Nc1 Bd6 19. Nb3 Qa3 20. Nc5 Bxc5 21. dxc5 Qxc5 22. Kf1 Bf3 23. Bf5+ Rd7 24. Bxd7+ Kxd7 25. Rxb7+ Ke6 26. Rh2 Be4 27. Bxh6 Rxg3 28. Rf2 Rh3 29. Rxf6+ Kxf6 30. Qg5+ Ke6 31. Qg8+ Ke5 32. Qg7+ Kf5 33. Rf7+ Ke6 34. Qf6# 1-0


[Site "https://www.chess.com"]

[Event "Titled Tuesday Blitz August 3 2021"]
[White "Wei, Yi"]
[Black "Pham, Le Thao Nguyen"]
[WhiteFideId "8603405"]
[BlackFideId "12401226"]
[WhiteElo "2686"]
[BlackElo "2286"]
[Result "1-0"]
[Round "02"]
[TimeControl "180+1"]
[Date "2021.08.03"]
[WhiteClock "0:00:41"]
[BlackClock "0:00:08"]

1. b3 d5 2. Bb2 c5 3. e3 Nc6 4. Nf3 Qc7 5. Bb5 a6 6. Bxc6+ Qxc6 7. O-O Nf6 8. Ne5 Qc7 9. d3 h5 10. f4 h4 11. Nd2 h3 12. g4 b6 13. g5 Nd7 14. Ndf3 f6 15. Ng6 Rh7 16. Nfh4 Nb8 17. Qf3 Qd7 18. Qg3 Nc6 19. f5 Bb7 20. Nxf8 Kxf8 21. Ng6+ Kg8 22. Rf4 Rh5 23. Rg4 Qxf5 24. gxf6 exf6 25. Ne7+ Nxe7 26. Rxg7+ Kf8 27. Rf1 Rh7 28. Rg4 Qxg4 29. Qxg4 Rg7 30. Rxf6+ Kg8 31. Rf8+ Kxf8 32. Qxg7+ Ke8 33. Bf6 Kd7 34. Qxe7+ Kc6 35. Qe6+ Kc7 36. Be5+ Kd8 37. Bd6 Bc6 38. Qe7+ Kc8 39. Qc7# 1-0


[Site "https://www.chess.com"]

[Event "Titled Tuesday Blitz August 3 2021"]
[White "Wilson, Elvin"]
[Black "De Silva, L M S T"]
[WhiteFideId "2014874"]
[BlackFideId "9953698"]
[WhiteElo "2308"]
[BlackElo "1621"]
[Result "0-1"]
[Round "02"]
[TimeControl "180+1"]
[Date "2021.08.03"]
[WhiteClock "0:00:11"]
[BlackClock "0:01:38"]

1. c4 e5 2. g3 Nf6 3. Bg2 d5 4. cxd5 Nxd5 5. Nc3 Nb6 6. e3 Be7 7. Nge2 O-O 8. O-O c5 9. f4 N8d7 10. fxe5 Nxe5 11. d4 cxd4 12. exd4 Nec4 13. b3 Nd6 14. Bf4 Bf6 15. Qd2 Bg4 16. Bxd6 Bxe2 17. Bxf8 Bxf1 18. Bc5 Bxg2 19. Kxg2 Nd5 20. Ne4 b6 21. Bd6 Qd7 22. Rf1 Re8 23. Nxf6+ Nxf6 24. Be5 Rxe5 25. Rf2 Qd5+ 26. Kg1 Re4 27. Qc3 Qxd4 0-1


[Site "https://www.chess.com"]

[Event "Titled Tuesday Blitz August 3 2021"]
[White "Zhao, Erick"]
[Black "Samadov, Read"]
[WhiteFideId "30946930"]
[BlackFideId "13417444"]
[WhiteElo "2524"]
[BlackElo "2084"]
[Result "0-1"]
[Round "02"]
[TimeControl "180+1"]
[Date "2021.08.03"]
[WhiteClock "0:00:10"]
[BlackClock "0:00:04"]

1. e4 c5 2. Nf3 d6 3. d4 cxd4 4. Nxd4 Nf6 5. Nc3 a6 6. h3 e6 7. g4 Be7 8. Bg2 Nfd7 9. Be3 b5 10. e5 d5 11. Nxd5 exd5 12. Bxd5 Nb6 13. Bxa8 Nxa8 14. Qf3 Nc7 15. O-O-O Qd5 16. Qxd5 Nxd5 17. Nxb5 Nxe3 18. Nc7+ Kf8 19. fxe3 Nc6 20. Rhf1 Nxe5 21. Rd5 Nc6 22. e4 h6 23. e5 Bg5+ 24. Kb1 Ke7 25. Rc5 Bd7 26. Nd5+ Ke6 27. Nc7+ Ke7 28. Nd5+ Ke6 29. Nb6 Be7 30. Nxd7 Kxd7 31. Rc4 Nxe5 32. Rd4+ Ke6 33. c4 h5 34. a3 hxg4 35. hxg4 Rh2 36. Re4 f6 37. Rd1 Rg2 38. b4 g6 39. c5 f5 40. gxf5+ gxf5 41. Re3 f4 42. Re4 f3 43. Rde1 Bf6 44. Rf4 f2 45. Rf1 Nd3 46. Re4+ Kd5 47. Re2 Bd4 48. Kc2 Nf4 49. Rd2 Kc4 50. c6 Nd5 51. a4 Nxb4+ 52. Kd1 Nxc6 53. Ke2 Rg1 54. Rc2+ Kd5 55. Rcc1 Rxf1 56. Rxf1 Ne5 57. Rd1 Kc4 58. Kf1 Nc6 59. Rc1+ Kd5 60. Rb1 a5 61. Rb5+ Kc4 62. Ke2 Bc5 63. Rb1 Nb4 64. Rc1+ Kd5 65. Rd1+ Kc6 66. Rc1 Nd5 67. Rc4 Nb6 68. Rf4 Kd5 69. Rf5+ Kc4 70. Rf4+ Bd4 71. Rg4 Nxa4 72. Rg5 Nc5 73. Rg4 a4 74. Rg3 Kb4 75. Rg4 Nb3 76. Rg8 a3 77. Rb8+ Kc3 78. Ra8 Kb2 79. Rf8 a2 80. Ra8 a1=Q 81. Rxa1 Kxa1 82. Kd3 f1=Q+ 0-1


[Site "https://www.chess.com"]

[Event "Titled Tuesday Blitz August 3 2021"]
[White "Zhigalko, Sergei"]
[Black "Dowgird, Filip"]
[WhiteFideId "13502956"]
[BlackFideId "1121235"]
[WhiteElo "2662"]
[BlackElo "2209"]
[Result "1-0"]
[Round "02"]
[TimeControl "180+1"]
[Date "2021.08.03"]
[WhiteClock "0:00:05"]
[BlackClock "0:00:15"]

1. e4 Nf6 2. e5 Nd5 3. Nf3 Nb6 4. d4 d5 5. Bd3 Bg4 6. h3 Bxf3 7. Qxf3 e6 8. O-O c5 9. dxc5 N6d7 10. Re1 Nc6 11. Qg3 Nxc5 12. Nc3 Nxd3 13. cxd3 Rc8 14. Nb5 a6 15. Nd6+ Bxd6 16. Qxg7 Nxe5 17. Qxh8+ Kd7 18. Qxd8+ Rxd8 19. Rd1 Rc8 20. Be3 Rc2 21. Rab1 b5 22. f4 Ng6 23. g3 Rc8 24. Rbc1 Rg8 25. Kf2 h5 26. Kf3 Ne7 27. g4 Nc6 28. a3 Rh8 29. Rh1 e5 30. fxe5 Nxe5+ 31. Ke2 hxg4 32. hxg4 Rxh1 33. Rxh1 Nxg4 34. Bd4 a5 35. Rh8 a4 36. Ra8 f6 37. Ra7+ Kc6 38. Ra6+ Kd7 39. Rb6 Ne5 40. Rxb5 Nc6 41. Bxf6 Be7 42. Bg7 Bf8 43. Bh8 d4 44. Rb7+ Ke6 45. Rh7 Bc5 46. Rh5 Bd6 47. Rh6+ Kd5 48. Rh5+ Ke6 49. Kd2 Bf4+ 50. Kc2 Bd6 51. Rh6+ Kd5 52. Rh7 Kc5 53. Bg7 Bf4 54. Rh5+ Kb6 55. Rd5 Be3 56. Bf6 Ka6 57. Kd1 Kb6 58. Be5 Ka6 59. Bg3 Na5 60. Kc2 Nb3 61. Rf5 Kb6 62. Be5 Na1+ 63. Kd1 Nb3 64. Rh5 Nc5 65. Kc2 Nb3 66. Bg3 Nc5 67. Be1 Nb3 68. Bb4 Bc1 69. Rh6+ Kb5 70. Rh5+ Kb6 71. Rf5 Be3 72. Re5 Kc6 73. Re6+ Kb5 74. Kd1 Bc1 75. Re2 Kb6 76. Be1 Kb5 77. Bf2 Kb6 78. Re6+ Kb5 79. Re5+ Kb6 80. Bxd4+ Nxd4 81. Kxc1 Nb3+ 82. Kd1 Nc5 83. Rxc5 Kxc5 84. Kc2 Kd4 85. Kd2 1-0


[Site "https://www.chess.com"]

[Event "Titled Tuesday Blitz August 3 2021"]
[White "Zubov, Alexander"]
[Black "Sadovsky, Artem"]
[WhiteFideId "14109409"]
[BlackFideId "4155840"]
[WhiteElo "2740"]
[BlackElo "2442"]
[Result "1-0"]
[Round "02"]
[TimeControl "180+1"]
[Date "2021.08.03"]
[WhiteClock "0:01:21"]
[BlackClock "0:00:01"]

1. d4 g6 2. e4 Bg7 3. Nc3 d6 4. f4 Nd7 5. Nf3 c5 6. d5 Ngf6 7. Bc4 O-O 8. a4 a6 9. O-O Rb8 10. Qe2 Ne8 11. e5 Nc7 12. a5 b5 13. axb6 Nxb6 14. Ba2 Bb7 15. Rd1 dxe5 16. fxe5 Nbxd5 17. Nxd5 Nxd5 18. c4 e6 19. cxd5 exd5 20. Bg5 Qd7 21. Rac1 Rfc8 22. Qe3 d4 23. e6 Qa4 24. exf7+ Kh8 25. Qe6 Rc6 26. Qe8+ 1-0


[Site "https://www.chess.com"]

[Event "Titled Tuesday Blitz August 3 2021"]
[White "Aitbayev, Aslan"]
[Black "Seletsky, Grigory"]
[WhiteFideId "13704613"]
[BlackFideId "14112191"]
[WhiteElo "2417"]
[BlackElo "2492"]
[Result "1-0"]
[Round "03"]
[TimeControl "180+1"]
[Date "2021.08.03"]
[WhiteClock "0:00:57"]
[BlackClock "0:01:14"]

1. e4 e6 2. d4 d5 3. e5 c5 4. c3 Nc6 5. Nf3 Bd7 6. Be2 Rc8 7. O-O cxd4 8. cxd4 Nge7 9. Nc3 Nf5 10. Be3 Be7 11. Bd3 Nxe3 12. fxe3 O-O 13. Rc1 Na5 14. Qc2 g6 15. Qf2 Nc4 16. h4 b5 17. Rc2 b4 18. Ne2 Nb6 19. Rxc8 Qxc8 20. Nf4 Qe8 21. Qg3 Kh8 22. Rc1 Bd8 23. h5 Bb5 24. hxg6 hxg6 25. Bxg6 fxg6 26. Nxg6+ Kh7 27. Nxf8+ Qxf8 28. Kf2 1-0


[Site "https://www.chess.com"]

[Event "Titled Tuesday Blitz August 3 2021"]
[White "Alavi, Sayed Javad"]
[Black "Vlassov, Nikolai"]
[WhiteFideId "12500607"]
[BlackFideId "4103360"]
[WhiteElo "2495"]
[BlackElo "2407"]
[Result "1-0"]
[Round "03"]
[TimeControl "180+1"]
[Date "2021.08.03"]
[WhiteClock "0:00:28"]
[BlackClock "0:00:07"]

1. e4 Nc6 2. d4 d5 3. e5 h5 4. c3 Bg4 5. Be2 Qd7 6. h3 Bxe2 7. Nxe2 O-O-O 8. Nf4 Qf5 9. Qd3 Nh6 10. O-O f6 11. Qxf5+ Nxf5 12. Ng6 Rg8 13. e6 Rd6 14. Bf4 Rxe6 15. Nd2 Re2 16. Rfd1 e5 17. Kf1 Rxd2 18. Bxd2 exd4 19. Nxf8 Rxf8 20. cxd4 Kd7 21. Bc3 Nd6 22. a4 a5 23. f3 h4 24. Kf2 Nf5 25. Rd2 g5 26. Re1 Rb8 27. Rde2 Nfxd4 28. Bxd4 Nxd4 29. Re7+ Kd6 30. Rf7 b5 31. Rxf6+ Kc5 32. Rc1+ Kb4 33. Rxc7 Kxa4 34. Rd6 Re8 35. Rxd5 Re2+ 36. Kf1 Rd2 37. Rcd7 Rxb2 38. Rxd4+ b4 39. Ra7 Ra2 40. Rd5 Ra1+ 41. Kf2 Ra2+ 42. Kg1 Ra1+ 43. Kh2 Rc1 44. Rdxa5+ Kb3 45. Rxg5 Kb2 46. Rb7 b3 47. Rgb5 Rc3 48. Rxb3+ Rxb3 49. Rxb3+ Kxb3 50. g4 1-0


[Site "https://www.chess.com"]

[Event "Titled Tuesday Blitz August 3 2021"]
[White "Alavkin, Arseny"]
[Black "Goltsev, Dmitry"]
[WhiteFideId "4120612"]
[BlackFideId "24176710"]
[WhiteElo "2401"]
[BlackElo "2366"]
[Result "1-0"]
[Round "03"]
[TimeControl "180+1"]
[Date "2021.08.03"]
[WhiteClock "0:00:30"]
[BlackClock "0:00:16"]

1. e4 e6 2. d4 d5 3. exd5 exd5 4. Nf3 Nf6 5. Bd3 c5 6. O-O Be7 7. Re1 O-O 8. h3 Nc6 9. c3 a6 10. Bg5 h6 11. Bh4 g5 12. Bg3 Nh5 13. Bh2 Nf4 14. Bxf4 gxf4 15. Nbd2 b6 16. Ne5 Nxe5 17. Rxe5 Bf6 18. Rh5 Kg7 19. Nf3 Be6 20. Qd2 Qd6 21. Ne5 Rh8 22. Qxf4 Bg5 23. Qg3 cxd4 24. f4 dxc3 25. fxg5 cxb2 26. gxh6+ Kf8 27. Ng6+ Ke8 28. Qxd6 bxa1=Q+ 29. Kh2 Qf6 30. Qc6+ Kd8 31. Qxa8+ Bc8 32. Qxd5+ Bd7 33. Qa8+ Bc8 34. Qd5+ Bd7 35. Nxh8 Qf4+ 36. g3 Qd2+ 37. Qg2 Qxd3 38. Nxf7+ Ke7 39. h7 Bc6 40. h8=Q Bxg2 41. Qe5+ Kd7 42. Qd6+ Qxd6 43. Nxd6 Bf3 44. Rh6 b5 45. Nf5 a5 46. Nd4 Be2 47. Nxe2 Kc7 48. Nd4 b4 49. Nb5+ Kb7 50. Nd4 Ka7 51. Rh5 Kb7 52. Rxa5 Kb6 53. Rb5+ Kc7 54. Rxb4 Kd6 55. Rb5 Kc7 56. h4 Kd6 57. h5 Kc7 58. g4 Kd6 59. g5 Kc7 60. h6 Kd6 61. h7 Ke7 62. h8=Q Kf7 63. Qf6+ Ke8 64. Rb8+ Kd7 65. Qd8# 1-0


[Site "https://www.chess.com"]